Map: 로스트 앤 파운드 - 래더

Players

Namshar

  • Race: Zerg Zerg
  • League: Grandmaster
  • Spawn Location: 1:00

Solar - Winner!

  • Race: Zerg Zerg
  • Spawn Location: 7:00

Event: HomeStory Cup XVII

VOD

Have the link to the VOD?

Description

Time

  • Played on: June 28, 2018, 5:26 p.m.
  • Length: 12:58

All games in this series

Show
View Real Time Build Order
Export as new Build Order

Namshar Zerg 

Build Orders: Hatch First, Lurkers, Roach Hydra 

Get SALT Encoding   

  12  0:00  Drone  
  13  0:12  Overlord  
  13  0:17  Drone  
  14  0:30  Drone x2  
  14  0:34  Drone  
  17  0:50  Hatchery  
  17  0:53  Drone  
  18  0:57  Drone  
  18  1:08  Extractor  
  17  1:11  Spawning Pool  
  17  1:14  Drone  
  17  1:17  Drone  
  18  1:27  Drone  
  19  1:40  Overlord  
  19  1:50  Drone  
  20  1:58  Queen  
  20  1:59  Zergling x2  
  23  2:02  Zergling x2, Queen  
  23  2:07  Metabolic Boost  
  26  2:10  Drone  
  26  2:13  Drone  
  28  2:21  Drone  
  29  2:24  Drone  
  30  2:32  Hatchery  
  30  2:35  Drone  
  30  2:42  Drone  
  30  2:43  Drone  
  32  2:47  Baneling Nest  
  31  2:54  Overlord  
  31  2:58  Drone x2  
  33  3:06  Zergling x2  
  33  3:07  Zergling x2  
  33  3:11  Drone  
  36  3:13  Drone x3  
  36  3:14  Overlord  
  36  3:17  Zergling x2  
  36  3:18  Drone  
  41  3:23  Drone  
  42  3:27  Evolution Chamber  
  42  3:30  Baneling x2  
  42  3:31  Drone, Queen  
  44  3:34  Drone  
  44  3:40  Drone x3  
  48  3:45  Drone x3  
  51  3:48  Extractor  
  51  3:51  Overlord  
  51  3:55  Zerg Missile Weapons Level 1  
  50  3:56  Drone  
  50  4:01  Drone x2  
  53  4:06  Overlord  
  53  4:08  Drone x3  
  56  4:10  Zergling x2  
  56  4:15  Drone x3  
  59  4:17  Drone x2  
  59  4:21  Overlord  
  61  4:27  Drone x4  
  65  4:33  Lair  
  65  4:35  Extractor  
  65  4:36  Overlord, Roach Warren  
  62  4:45  Drone  
  62  4:46  Drone x5  
  62  4:49  Zergling x2  
  62  4:50  Zergling x2  
  70  4:53  Pneumatized Carapace  
  70  4:55  Evolution Chamber  
  70  4:56  Extractor  
  68  5:02  Drone x7  
  75  5:08  Drone x3  
  78  5:15  Zergling x4  
  76  5:22  Baneling x2  
  76  5:24  Extractor  
  76  5:25  Extractor  
  76  5:26  Drone  
  75  5:30  Drone  
  75  5:32  Drone  
  75  5:34  Zergling x4  
  78  5:36  Hatchery  
  78  5:38  Overlord  
  78  5:40  Glial Reconstitution  
  77  5:43  Overseer  
  77  5:44  Overlord x2  
  77  5:47  Roach  
  77  5:48  Zerg Ground Armor Level 1, Roach x2  
  83  5:50  Hydralisk Den  
  83  5:54  Overlord, Drone  
  83  5:59  Overlord x2  
  83  6:01  Roach x7  
  97  6:18  Drone  
  97  6:19  Overlord, Drone  
  97  6:22  Grooved Spines  
  97  6:23  Drone x2  
  101  6:26  Roach x4  
  101  6:28  Zerg Missile Weapons Level 2  
  109  6:34  Roach x5  
  109  6:38  Overlord  
  119  6:45  Extractor  
  119  6:46  Extractor  
  117  6:50  Drone  
  117  6:51  Drone x2  
  120  6:56  Lurker Den  
  120  6:57  Hydralisk x4  
  127  7:02  Hydralisk x2  
  127  7:04  Overlord  
  131  7:09  Hydralisk  
  131  7:10  Roach x3  
  131  7:11  Overlord x2  
  131  7:12  Roach  
  131  7:13  Roach  
  143  7:19  Roach x5  
  152  7:33  Muscular Augments  
  149  7:39  Hydralisk x2  
  149  7:40  Hydralisk x4  
  149  7:41  Queen  
  162  7:48  Infestation Pit  
  162  7:50  Drone x9  
  157  7:52  Drone  
  157  7:53  Drone  
  157  7:56  Ravager x2  
  157  7:57  Ravager x2  
  163  8:01  Ravager x2  
  163  8:04  Hydralisk  
  163  8:05  Hydralisk  
  169  8:12  Hydralisk, Roach  
  169  8:13  Roach  
  169  8:18  Hydralisk  
  169  8:19  Roach  
  167  8:20  Roach  
  167  8:23  Overseer  
  155  8:29  Hive  
  155  8:31  Roach x3  
  155  8:33  Drone  
  162  8:47  Lurker  
  162  8:48  Lurker x3  
  166  8:51  Lurker  
  166  8:52  Overlord x3  
  166  8:53  Overlord  
  167  9:08  Hydralisk  
  167  9:09  Roach x9  
  151  9:18  Hydralisk  
  151  9:19  Roach x5  
  149  9:27  Hydralisk  
  149  9:28  Roach x4  
  135  9:37  Roach x4  
  138  9:40  Hydralisk  
  138  9:41  Roach  
  138  9:42  Ravager  
  139  9:50  Roach x3  
  134  9:56  Roach  
  134  9:57  Roach x5  
  140  10:04  Hydralisk  
  140  10:05  Roach x3  
  146  10:11  Zerg Missile Weapons Level 3  
  142  10:14  Zerg Ground Armor Level 2  
  142  10:19  Lurker  
  142  10:21  Roach x3  
  138  10:23  Ravager x2  
  140  10:33  Hydralisk  
  140  10:34  Roach x5  
  140  10:35  Unknown  
  147  10:44  Hydralisk  
  147  10:45  Roach x5  
  149  10:54  Hydralisk  
  149  10:55  Roach  
  149  10:56  Roach x3  
  144  11:00  Hydralisk  
  144  11:01  Roach x2  
  121  11:14  Hydralisk  
  121  11:15  Roach x6  
  133  11:19  Ravager  
  133  11:20  Lurker  
  133  11:22  Ravager  
  131  11:29  Hydralisk  
  131  11:30  Roach x2  
  131  11:31  Roach x3  
  136  11:39  Lurker  
  137  11:43  Roach  
  137  11:44  Roach x5  
  137  11:52  Hydralisk, Roach  
  137  11:53  Roach x2  
  134  11:59  Hydralisk  
  134  12:00  Roach x2  
  126  12:09  Hydralisk  
  126  12:10  Roach  
  126  12:11  Roach x2  
  126  12:15  Hydralisk, Roach  
  101  12:23  Hydralisk, Roach  
  101  12:28  Roach x3  
  101  12:35  Roach x2  
Show
View Real Time Build Order
Export as new Build Order

Solar Zerg - Winner!

Build Orders: Hatch First 

Get SALT Encoding   

  12  0:01  Drone  
  13  0:12  Overlord  
  13  0:16  Drone  
  14  0:31  Drone x2  
  14  0:35  Drone  
  17  0:53  Hatchery  
  17  0:56  Drone  
  17  0:59  Drone  
  18  1:04  Extractor  
  17  1:14  Spawning Pool  
  17  1:17  Drone  
  17  1:20  Drone  
  18  1:28  Drone  
  19  1:38  Drone  
  20  1:50  Overlord  
  20  2:01  Queen  
  20  2:05  Queen  
  20  2:06  Zergling x2  
  20  2:07  Metabolic Boost, Drone  
  26  2:11  Drone  
  27  2:16  Drone  
  28  2:23  Zergling x2  
  29  2:34  Hatchery  
  29  2:35  Drone  
  29  2:38  Zergling x2  
  29  2:40  Drone  
  31  2:47  Baneling Nest  
  31  2:48  Drone  
  31  2:50  Drone  
  32  2:55  Overlord  
  32  2:59  Drone  
  33  3:06  Drone  
  33  3:10  Drone x2  
  36  3:14  Zergling x2  
  36  3:15  Zergling x2  
  36  3:16  Drone x3  
  41  3:21  Drone  
  41  3:25  Overlord  
  42  3:29  Drone  
  42  3:30  Baneling  
  42  3:31  Baneling  
  43  3:35  Drone  
  43  3:45  Drone x2  
  43  3:47  Queen  
  47  3:49  Drone x2  
  47  3:50  Drone  
  47  3:51  Zergling x4, Evolution Chamber  
  47  3:53  Drone  
  47  3:55  Zergling x2  
  53  3:56  Drone  
  53  3:58  Drone  
  53  4:01  Overlord  
  55  4:04  Drone  
  55  4:07  Extractor  
  55  4:08  Drone  
  56  4:11  Drone  
  56  4:14  Zergling x2  
  58  4:17  Zerg Missile Weapons Level 1  
  58  4:18  Overlord  
  58  4:19  Overlord  
  58  4:21  Drone x2  
  58  4:22  Drone  
  61  4:28  Lair  
  61  4:29  Drone  
  61  4:32  Zergling x2  
  61  4:35  Zergling x2  
  61  4:37  Extractor  
  61  4:38  Roach Warren  
  61  4:39  Extractor  
  61  4:40  Drone  
  61  4:41  Drone  
  61  4:43  Drone  
  62  4:49  Drone x3  
  62  4:51  Drone x3  
  68  4:53  Drone  
  68  4:55  Baneling, Zergling x2  
  68  4:56  Drone  
  68  4:58  Drone  
  71  5:00  Overlord  
  71  5:03  Overlord  
  71  5:07  Drone  
  71  5:08  Drone  
  69  5:15  Drone  
  69  5:16  Drone x2  
  70  5:21  Drone x2  
  70  5:23  Drone x2  
  70  5:24  Extractor, Zergling x2  
  70  5:25  Glial Reconstitution  
  70  5:26  Drone  
  70  5:27  Overseer  
  70  5:28  Overseer  
  73  5:30  Roach x2  
  73  5:31  Overlord  
  77  5:39  Drone x2  
  77  5:40  Extractor  
  78  5:44  Drone  
  85  5:50  Roach x4  
  85  5:51  Drone x2, Pneumatized Carapace  
  85  5:52  Drone  
  85  5:53  Drone  
  85  5:56  Hatchery, Roach, Evolution Chamber  
  91  5:58  Overlord  
  91  6:03  Overlord  
  91  6:10  Roach x3  
  97  6:12  Overlord  
  97  6:14  Zerg Missile Weapons Level 2  
  97  6:22  Zerg Ground Armor Level 1, Roach  
  97  6:23  Roach x4  
  97  6:24  Baneling x2  
  107  6:26  Baneling  
  107  6:27  Baneling  
  107  6:29  Overlord x2  
  107  6:34  Roach x2  
  107  6:35  Roach  
  113  6:40  Roach x4  
  113  6:46  Baneling x3  
  121  6:47  Baneling  
  121  6:49  Roach  
  121  6:52  Overlord  
  123  6:54  Roach x3  
  123  6:56  Roach  
  123  6:58  Roach x2  
  123  6:59  Overlord  
  135  7:04  Roach x3  
  135  7:06  Roach  
  135  7:07  Roach  
  145  7:11  Roach x2  
  145  7:13  Overlord  
  149  7:17  Roach x3  
  155  7:23  Roach x2  
  155  7:24  Roach  
  160  7:31  Overlord  
  160  7:36  Overlord  
  156  7:39  Drone x3  
  156  7:40  Drone  
  156  7:42  Overlord x2  
  156  7:44  Overlord x2  
  159  7:51  Ravager x6  
  163  7:54  Overlord  
  163  7:56  Roach x2  
  163  7:57  Overlord  
  167  7:59  Overlord  
  167  8:00  Ravager  
  167  8:02  Roach  
  167  8:04  Roach  
  172  8:10  Roach x2  
  148  8:20  Roach  
  148  8:21  Roach x7  
  148  8:23  Roach x2  
  148  8:24  Roach  
  156  8:29  Queen  
  156  8:33  Roach x4  
  166  8:36  Drone x2  
  166  8:40  Roach x2  
  172  8:41  Extractor  
  172  8:42  Ravager  
  172  8:43  Roach  
  172  8:47  Roach x2  
  178  8:50  Roach  
  178  8:51  Roach  
  178  8:54  Roach x2  
  186  8:56  Roach  
  186  8:58  Roach  
  186  9:02  Roach x2  
  192  9:09  Roach x6  
  179  9:11  Overseer  
  179  9:13  Roach  
  177  9:17  Roach x2  
  177  9:19  Roach x2  
  177  9:20  Roach  
  177  9:22  Roach  
  177  9:23  Roach  
  174  9:24  Roach  
  174  9:28  Roach x2  
  164  9:35  Roach x2  
  164  9:36  Roach x2  
  164  9:39  Roach  
  164  9:40  Roach  
  164  9:42  Ravager  
  164  9:43  Roach  
  165  9:46  Roach x2  
  165  9:49  Roach  
  165  9:50  Roach  
  165  9:52  Roach  
  157  10:00  Roach x3  
  157  10:05  Roach  
  159  10:07  Overseer  
  159  10:10  Roach x2  
  159  10:12  Ravager  
  157  10:19  Roach x4  
  165  10:23  Roach x2  
  165  10:26  Ravager  
  170  10:30  Roach x2  
  170  10:34  Roach x3  
  173  10:36  Roach  
  173  10:37  Roach x7  
  173  10:39  Overseer  
  187  10:43  Roach  
  187  10:44  Roach x2  
  187  10:45  Extractor  
  187  10:46  Roach  
  180  10:51  Hatchery  
  180  10:54  Roach x2  
  180  10:56  Roach x3  
  175  11:02  Roach x2  
  175  11:03  Roach x2  
  167  11:05  Roach x2  
  167  11:08  Roach x2  
  167  11:09  Roach  
  167  11:10  Roach  
  161  11:15  Ravager  
  161  11:16  Ravager  
  161  11:17  Ravager  
  161  11:18  Roach x3  
  161  11:21  Roach x2  
  164  11:28  Roach x2  
  164  11:29  Roach  
  162  11:34  Roach x2  
  162  11:35  Roach  
  162  11:39  Ravager  
  169  11:45  Roach x2  
  163  11:48  Overseer  
  163  11:50  Roach x2  
  163  11:51  Roach  
  163  11:52  Roach  
  163  11:53  Roach x3  
  167  11:55  Ravager  
  167  11:57  Roach x3  
  172  12:04  Ravager  
  172  12:06  Roach x2  
  173  12:08  Roach  
  173  12:09  Roach  
  173  12:14  Roach x2  
  171  12:17  Roach x2  
  171  12:20  Roach x3  
  171  12:21  Roach  
  164  12:24  Roach  
  164  12:26  Roach  
  164  12:29  Roach  
  148  12:32  Roach x2  
  148  12:35  Roach  
  148  12:37  Roach  
  156  12:48  Ravager  
  156  12:51  Ravager  
  156  12:54  Ravager  
Tags
 
Add a new tag
Caveats
  • Supply blocks, unpowered buildings, or Contaminate may cause inaccurate times.
  • Supply counts are checked every 10 seconds.